 Dungeon Crawl Stone Soup version 0.26.1-2-gb8aa6d0cf2 (webtiles) character file.

Game seed: 18191673139092526826

102 Roupille the Ruffian (level 4, -1/44 HPs)
             Began as a Troll Abyssal Knight on Feb 14, 2021.
             Was a Believer of Lugonu.
             Killed from afar by a white imp (7 damage)
             ... with a puff of frost
             ... summoned by Natasha
             ... on level 3 of the Dungeon.
             The game lasted 00:14:51 (2384 turns).

Roupille the Ruffian (Troll Abyssal Knight)         Turns: 2384, Time: 00:14:51

Health: -1/44      AC:  6    Str: 21    XL:     4   Next: 49%
Magic:  4/4        EV: 10    Int:  8    God:    Lugonu [**....]
Gold:   79         SH:  0    Dex:  9    Spells: 3/3 levels left

rFire    . . .     SeeInvis .     - Unarmed
rCold    . . .     Faith    .   (no shield)
rNeg     . . .     Spirit   .   a - +0 robe
rPois    .         Reflect  .   (helmet restricted)
rElec    .         Harm     .   (no cloak)
rCorr    .         Rampage  .   (gloves unavailable)
Will     .....                  (boots unavailable)
Stlth    +.........             h - amulet of inaccuracy (curse)
HPRegen  0.54/turn              (no ring)
MPRegen  0.09/turn              (no ring)

@: slowed, very slow
A: large, unfitting armour, claws 3, regeneration 1, shaggy fur 1, tough skin 3
a: Renounce Religion, Depart the Abyss, Bend Space


You were on level 3 of the Dungeon.
You worshipped Lugonu.
Lugonu was pleased with you.
You visited 1 branch of the dungeon, and saw 3 of its levels.
You visited the Abyss 1 time.

You collected 79 gold pieces.

Inventory:

Hand Weapons
 b - a +0 short sword
 c - a +0 club
 d - a cursed +0 whip
 f - a +0 spear
 j - a +0 hand axe
 n - a +0 whip
 s - a +2 vorpal hand axe
Missiles
 e - 26 stones
 g - 16 poisoned darts (quivered)
 k - 52 arrows
Armour
 a - a +0 robe (worn)
 i - a +0 ring mail
 q - a +0 pair of gloves
Jewellery
 h - a cursed amulet of inaccuracy (around neck)
Wands
 u - a wand of digging (6)
Scrolls
 r - a scroll of teleportation
Potions
 l - a potion of lignification {unknown}
 m - a potion of might {unknown}
 o - a potion of curing {unknown}
 p - a potion of experience {unknown}
 t - a potion of degeneration {unknown}
 v - a potion of brilliance {unknown}


   Skills:
 - Level 2.4 Fighting
 + Level 0.1 Throwing
 + Level 2.9 Dodging
 + Level 0.7 Stealth
 + Level 3.4 Unarmed Combat
 + Level 1.8 Invocations


You had 3 spell levels left.
You didn't know any spells.
Your spell library was empty.

Dungeon Overview and Level Annotations

Branches:
Dungeon (2/15)

Altars:

Annotations:
D:3 Natasha


Innate Abilities, Weirdness & Mutations

You are too large for most types of armour.
You have claws for hands.
Your natural rate of healing is unusually fast.
You are covered in fur. (AC +1)
You have extremely tough skin. (AC +3)


Message History

The white imp hits you but does no damage.
The bat hits you but does no damage.
You claw the bat!
You kill the bat!
Lugonu accepts your kill.
You can now bend space around yourself.
The rat closely misses you.
You completely miss the rat. The white imp misses you.
Natasha mumbles some strange words.
The rat barely misses you. The white imp completely misses you.
The white imp gestures at you. The puff of frost misses you.
The rat bites you but does no damage.
Natasha mumbles some strange words.
The white imp gestures at you. The puff of frost hits you.
The white imp hits you but does no damage.
The white imp gestures at you. The puff of frost hits you!
* * * LOW HITPOINT WARNING * * *
The white imp gestures at you. The puff of frost hits you!
You die...

#†..#.# #...... #...#.#
###.....# #...#.#
.......####### #.###.#
#.#......... ..# #.#
.##.........###########.#
..........5.............##
........#.5.#####.#####..####
.........r5.@................
.#.$..#.#h#######.#...)......
#.## #.#.# #.#.####..###
#.#.# #.#.# ##.# ..#.. ..#)#
... ##### ###(# .... #.# #...
#.# .#. #.# .##


You could see an iron imp (summoned), Natasha, 2 white imps and a rat.

Vanquished Creatures
  Natasha (D:3)
  2 adders (D:2)
  A worm (D:2)
  A leopard gecko (D:1)
  An orc (D:3)
  2 giant cockroaches (D:2)
  5 goblins
  10 hobgoblins
  4 jackals (D:1)
  9 bats
  2 frilled lizards (D:1)
  9 kobolds
  7 rats
  4 bushes (D:2)
58 creatures vanquished.

Vanquished Creatures (others)
  2 plants (D:2)
2 creatures vanquished.

Grand Total: 60 creatures vanquished

Notes
Turn   | Place    | Note
-------+----------+-------------------------------------------
     0 | Abyss:1  | Roupille the Troll Abyssal Knight began the quest for the
                  | Orb.
     0 | Abyss:1  | Reached XP level 1. HP: 22/22 MP: 1/1
     1 | D:1      | Escaped the Abyss
   246 | D:1      | Reached XP level 2. HP: 29/29 MP: 2/2
   342 | D:1      | Reached * piety under Lugonu
   889 | D:1      | Reached XP level 3. HP: 36/36 MP: 3/3
  1649 | D:2      | Reached skill level 3 in Unarmed Combat
  2002 | D:2      | Reached XP level 4. HP: 36/44 MP: 4/4
  2240 | D:2      | You fall into a shaft and drop 1 floor!
  2267 | D:3      | Noticed Natasha
  2303 | D:3      | Killed Natasha
  2370 | D:3      | Noticed Natasha
  2380 | D:3      | Reached ** piety under Lugonu
  2384 | D:3      | Killed from afar by a white imp

Illustrated notes

Levels and vault maps discovered:
D:1:      lemuel_arrival_room, layout_basic
D:2:      layout_rooms, lemuel_round_altar, serial_forest,
          infiniplex_forest_clump_long, infiniplex_forest_lined_corner,
          infiniplex_forest_fountain, infiniplex_forest_clump_C,
          infiniplex_forest_end_double, infiniplex_forest_pool,
          infiniplex_forest_straight_2
D:3:      layout_basic, gammafunk_ghost_split, uniq_natasha

Skill      XL: |  1  2  3 |
---------------+----------+-----
Dodging        | 2 |  2.9
Unarmed Combat | 3 |  3.4
Fighting       | |  2.4
Throwing       | |  0.1
Stealth        | |  0.7
Invocations    | |  1.8

Action                   |  1- 3 |  4- 6 || total
-------------------------+-------+-------++-------
Melee: Unarmed           |   382 |    60 ||   442
       Punch             |     9 |       ||     9
Throw: Dart              |     6 |       ||     6
Invok: Depart the Abyss  |     1 |       ||     1
  Use: Scroll            |     2 |       ||     2
 Stab: Sleeping          |     1 |       ||     1
Armor: Robe              |    99 |    32 ||   131
Dodge: Dodged            |   137 |    46 ||   183
